[Event "ICC tourney 2556 (25 5)"]
[Site "Internet Chess Club"]
[Date "2021.05.08"]
[Round "3"]
[White "KATRAGADDA, SATVIK:K05-30033149"]
[Black "LINARES, BENJAMIN:K05-16387048"]
[Result "1-0"]
[ICCResult "Black checkmated"]
[WhiteElo "1070"]
[BlackElo "647"]
[Opening "KP: Patzer opening"]
[ECO "C20"]
[NIC "KP.10"]
[Time "15:30:43"]
[PlyCount "71"]
[TimeControl "1500+5"]

1. e4 e5 2. Qh5 Nf6 3. Qxe5+ Qe7 4. Qxc7 Qxe4+ 5. Ne2 Na6 6. Qc3 Bc5 7. d3
Qe6 8. Qb3 Qe7 9. c3 d5 10. d4 Bd6 11. Qb5+ Bd7 12. Qxb7 Rc8 13. Qxa6 Rc6
14. Qd3 Rc4 15. b3 Rc6 16. Bf4 Bxf4 17. Nd2 O-O 18. g3 Bg5 19. h4 Bh6 20.
f4 Re8 21. Rh2 Ng4 22. Rg2 Re6 23. O-O-O Qa3+ 24. Kc2 Qxa2+ 25. Kc1 Rb6 26.
Qc2 Qa3+ 27. Qb2 Qd6 28. c4 dxc4 29. Nxc4 Qb4 30. Nxb6 Qxb6 31. Nc3 Rc8 32.
Re2 Re8 33. Rxe8+ Bxe8 34. Re1 Bc6 35. Bg2 Bxg2 36. Re8# { Black checkmated
} 1-0

[Event "ICC tourney 2556 (25 5)"]
[Site "Internet Chess Club"]
[Date "2021.05.08"]
[Round "3"]
[White "GALLEGE, REHAN:K05-16946930"]
[Black "NANNAPANENI, SAHARSH:K05-16276626"]
[Result "1-0"]
[ICCResult "Black checkmated"]
[WhiteElo "1111"]
[BlackElo "743"]
[Opening "French: exchange variation"]
[ECO "C01"]
[NIC "FR.01"]
[Time "15:32:03"]
[PlyCount "125"]
[TimeControl "1500+5"]

1. e4 e6 2. d4 d5 3. exd5 exd5 4. Nf3 Nf6 5. Bd3 Be7 6. O-O O-O 7. c3 Nc6
8. Bg5 h6 9. Bh4 Bg4 10. Nbd2 Nd7 11. Bxe7 Nxe7 12. h3 Bxf3 13. Nxf3 Nf6
14. Qc2 c6 15. Rfe1 Re8 16. Qb3 b6 17. c4 Qd6 18. cxd5 Nexd5 19. Rac1 Nf4
20. Bc4 N4d5 21. Ne5 Nd7 22. Nxd7 Qxd7 23. Re5 Rxe5 24. dxe5 Re8 25. Re1 b5
26. Bxd5 Qxd5 27. Qxd5 cxd5 28. f4 f6 29. Kf2 fxe5 30. Rxe5 Rxe5 31. fxe5
Kf7 32. Ke3 Ke6 33. Kd4 g6 34. g4 h5 35. gxh5 gxh5 36. b3 h4 37. b4 a6 38.
a3 Kf5 39. Kxd5 Kg6 40. Ke6 Kg7 41. Ke7 Kg6 42. e6 Kg7 43. Ke8 Kf6 44. e7
Kg7 45. Kd8 Kf6 46. e8=Q Kf5 47. Qd7+ Kf4 48. Qd6+ Kg5 49. Qxa6 Kf4 50.
Qxb5 Kg3 51. Qc4 Kxh3 52. Qf4 Kg2 53. Qxh4 Kf3 54. Ke7 Ke3 55. Ke6 Kf3 56.
Kf5 Ke3 57. Qe4+ Kf2 58. Qd3 Kg2 59. Kg4 Kf2 60. Qf3+ Kg1 61. Qe2 Kh1 62.
Kh3 Kg1 63. Qg2# { Black checkmated } 1-0

[Event "ICC tourney 2556 (25 5)"]
[Site "Internet Chess Club"]
[Date "2021.05.08"]
[Round "3"]
[White "IAROVICH, SHACHAR:K05-16865995"]
[Black "RAMANUJA, KESHAV:K05-30040275"]
[Result "1-0"]
[ICCResult "Black resigns"]
[WhiteElo "1051"]
[BlackElo "615"]
[Opening "Giuoco Piano"]
[ECO "C50"]
[NIC "IG.02"]
[Time "15:31:42"]
[PlyCount "45"]
[TimeControl "1500+5"]

1. e4 e5 2. Nf3 Nc6 3. Bc4 Bc5 4. O-O Nf6 5. Nc3 d6 6. h3 Qe7 7. d3 Be6 8.
Bxe6 Qxe6 9. Bg5 Rg8 10. Qe2 O-O-O 11. Rab1 h6 12. Be3 g5 13. Bxc5 dxc5 14.
Qe3 h5 15. Nxg5 Qd7 16. f4 Nh7 17. Nxh7 Qe6 18. f5 Qe7 19. Nd5 Qe8 20. Nhf6
Qf8 21. Nxg8 Qxg8 22. b4 Nd4 23. Ne7+ { Black resigns } 1-0

[Event "ICC tourney 2556 (25 5)"]
[Site "Internet Chess Club"]
[Date "2021.05.08"]
[Round "3"]
[White "SWIFT, ANASTASIYA:K05-30125631"]
[Black "THIRUGNANA, KAVIN:K05-30020780"]
[Result "0-1"]
[ICCResult "White checkmated"]
[WhiteElo "688"]
[BlackElo "308"]
[Opening "Giuoco Piano: four knights variation"]
[ECO "C50"]
[NIC "IG.02"]
[Time "15:32:44"]
[PlyCount "60"]
[TimeControl "1500+5"]

1. e4 e5 2. Nf3 Nc6 3. Bc4 Bc5 4. Nc3 Nf6 5. O-O O-O 6. d3 h6 7. Be3 Bxe3
8. fxe3 d6 9. Bb5 Bg4 10. h3 Bxf3 11. Bxc6 bxc6 12. Qxf3 Rb8 13. Rab1 d5
14. exd5 cxd5 15. e4 dxe4 16. dxe4 Qd2 17. Qf2 Qd6 18. Rbd1 Qb4 19. Rb1
Rfd8 20. Qxa7 Nxe4 21. Nxe4 Qxe4 22. Rfe1 Qc6 23. Rxe5 Qxc2 24. Rbe1 Rd2
25. Qxb8+ Kh7 26. R1e2 Qd1+ 27. Kf2 Qc2 28. Rxd2 Qxd2+ 29. Kg3 g5 30. Qxc7
Qf4# { White checkmated } 0-1

[Event "ICC tourney 2556 (25 5)"]
[Site "Internet Chess Club"]
[Date "2021.05.08"]
[Round "3"]
[White "SANDY, ADRIAN:K05-16647505"]
[Black "QIAO, MASON:K05-17196377"]
[Result "0-1"]
[ICCResult "White checkmated"]
[WhiteElo "384"]
[BlackElo "957"]
[Opening "Petrov three knights game"]
[ECO "C42"]
[NIC "RG.01"]
[Time "15:31:25"]
[PlyCount "26"]
[TimeControl "1500+5"]

1. e4 e5 2. Nf3 Nf6 3. Nc3 Bc5 4. Bc4 h5 5. d3 Ng4 6. O-O Nc6 7. h3 Nd4 8.
hxg4 hxg4 9. Nxd4 Qh4 10. Bxf7+ Kxf7 11. f3 Bxd4+ 12. Be3 Bxe3+ 13. Rf2
Qh1# { White checkmated } 0-1

[Event "ICC tourney 2556 (25 5)"]
[Site "Internet Chess Club"]
[Date "2021.05.08"]
[Round "3"]
[White "SUN, EVAN:K05-17182225"]
[Black "T LI, JUSTIN:K05-16435402"]
[Result "1-0"]
[ICCResult "Black resigns"]
[WhiteElo "1011"]
[BlackElo "511"]
[Opening "Ruy Lopez (Spanish opening)"]
[ECO "C60"]
[NIC "RL.01"]
[Time "15:30:31"]
[PlyCount "43"]
[TimeControl "1500+5"]

1. e4 e5 2. Nf3 Nc6 3. Bb5 Bd6 4. c3 Nf6 5. d3 a6 6. Ba4 b5 7. Bc2 Bc5 8.
O-O d5 9. h3 d4 10. a3 dxc3 11. Nxc3 Nh5 12. Bb3 Nf4 13. Nxe5 Nxe5 14. Bxf4
Ng6 15. Qf3 Qf6 16. Nd5 Qd8 17. Bxc7 Qd7 18. Bh2 Bb7 19. Nc7+ Kd8 20. Nxa8
Bxa8 21. Qf5 Qxd3 22. Rfd1 { Black resigns } 1-0

[Event "ICC tourney 2556 (25 5)"]
[Site "Internet Chess Club"]
[Date "2021.05.08"]
[Round "3"]
[White "KRISHNAN, ASHVATH:K05-30042119"]
[Black "YU, ZIRAN:K05-30074850"]
[Result "1-0"]
[ICCResult "Black checkmated"]
[WhiteElo "1226"]
[BlackElo "795"]
[Opening "Ruy Lopez: Anderssen variation"]
[ECO "C77"]
[NIC "RL.12"]
[Time "15:32:44"]
[PlyCount "47"]
[TimeControl "1500+5"]

1. e4 e5 2. Nf3 Nc6 3. Bb5 a6 4. Ba4 Nf6 5. d3 d6 6. c3 b5 7. Bb3 Ne7 8.
O-O c6 9. Re1 Ng6 10. Nbd2 Be7 11. Nf1 O-O 12. Ng3 Bb7 13. Nf5 Re8 14. h3
Bf8 15. Nh2 Ne7 16. Ng3 g6 17. Qf3 Nc8 18. Bg5 Bg7 19. Ng4 h5 20. Nxf6+
Bxf6 21. Bxf6 Qd7 22. Qe3 d5 23. Qh6 g5 24. Qg7# { Black checkmated } 1-0

[Event "ICC tourney 2556 (25 5)"]
[Site "Internet Chess Club"]
[Date "2021.05.08"]
[Round "3"]
[White "QUINONES, MADELYN:K05-16268810"]
[Black "MACRAE RUML, HUGH:K05-30130694"]
[Result "0-1"]
[ICCResult "White resigns"]
[WhiteElo "600"]
[BlackElo "206"]
[Opening "Four knights: Scotch variation"]
[ECO "C44"]
[NIC "KP.10"]
[Time "15:31:57"]
[PlyCount "92"]
[TimeControl "1500+5"]

1. e4 e5 2. Nf3 Nc6 3. d4 Nf6 4. Nc3 d5 5. dxe5 Nxe4 6. Nxe4 dxe4 7. Qxd8+
Kxd8 8. Bg5+ Be7 9. Bxe7+ Nxe7 10. Nd4 Bg4 11. Be2 Bxe2 12. Nxe2 Nc6 13. f4
Nb4 14. O-O-O+ Kc8 15. a3 Nd5 16. Rxd5 Rd8 17. Rd4 c5 18. Rxe4 b5 19. b4
cxb4 20. axb4 f6 21. c4 bxc4 22. Rxc4+ Kb8 23. Nd4 Kb7 24. b5 Rac8 25. Rc6
Rxd4 26. Rd1 Rxf4 27. g3 Rc4+ 28. Kd2 R4xc6 29. bxc6+ Kxc6 30. e6 Re8 31.
Rc1+ Kd6 32. Re1 Rxe6 33. Rxe6+ Kxe6 34. h4 g5 35. h5 Kf7 36. g4 Ke6 37.
Ke3 f5 38. gxf5+ Kxf5 39. h6 Kg6 40. Kf3 Kxh6 41. Kg4 a5 42. Kf5 a4 43. Ke4
a3 44. Kd3 a2 45. Kc2 a1=Q 46. Kb3 Qd4 { White resigns } 0-1

[Event "ICC tourney 2556 (25 5)"]
[Site "Internet Chess Club"]
[Date "2021.05.08"]
[Round "3"]
[White "BHOOMA, DHIVIJ:K05-16188670"]
[Black "AUSTIN YIM, ZACHERY:K05-16198943"]
[Result "1-0"]
[ICCResult "Black checkmated"]
[WhiteElo "743"]
[BlackElo "1101"]
[Opening "Sicilian: dragon variation"]
[ECO "B70"]
[NIC "SI.15"]
[Time "15:31:03"]
[PlyCount "67"]
[TimeControl "1500+5"]

1. e4 c5 2. Nf3 d6 3. d4 cxd4 4. Nxd4 Nf6 5. Nc3 g6 6. Bb5+ Bd7 7. Bxd7+
Qxd7 8. O-O Nc6 9. Nxc6 Qxc6 10. Qe2 Bg7 11. e5 dxe5 12. Qxe5 O-O 13. Be3
Ng4 14. Qxe7 Nxe3 15. Qxe3 Rac8 16. Rae1 Rfe8 17. Qxa7 Rxe1 18. Rxe1 Bxc3
19. bxc3 Qxc3 20. Rf1 Rc7 21. h3 Qxc2 22. Qb8+ Kg7 23. Qa7 b5 24. Qd4+ f6
25. Qd5 Rc5 26. Qd7+ Kh6 27. Qe7 f5 28. Qf8+ Kg5 29. Qe7+ Kh6 30. Qf8+ Kh5
31. Qe7 h6 32. g3 Rc4 33. f4 Re4 34. Qh4# { Black checkmated } 1-0

[Event "ICC tourney 2556 (25 5)"]
[Site "Internet Chess Club"]
[Date "2021.05.08"]
[Round "3"]
[White "MUKHILAN A SAMPATH, KAVIN:K05-30070336"]
[Black "FISHER, WYLIE:K05-16746762"]
[Result "1-0"]
[ICCResult "Black checkmated"]
[WhiteElo "1105"]
[BlackElo "743"]
[Opening "Four knights: Spanish variation"]
[ECO "C48"]
[NIC "KP.03"]
[Time "15:32:04"]
[PlyCount "63"]
[TimeControl "1500+5"]

1. e4 e5 2. Nf3 Nc6 3. Bb5 Nf6 4. Nc3 d6 5. h3 Bd7 6. O-O a6 7. Ba4 Be7 8.
d3 h6 9. Bxc6 Bxc6 10. Re1 O-O 11. d4 exd4 12. Nxd4 Qd7 13. Nxc6 Qxc6 14.
Nd5 Nxd5 15. exd5 Qd7 16. Re3 Bg5 17. Rg3 Qb5 18. Bxg5 hxg5 19. Rb1 f6 20.
Qg4 Qxd5 21. h4 Rfe8 22. hxg5 Re4 23. Qf3 Re1+ 24. Rxe1 fxg5 25. Qxd5+ Kh7
26. Rh3+ Kg6 27. Re6+ Kf7 28. Qf5+ Kg8 29. Qh7+ Kf7 30. Qg6+ Kg8 31. Re8+
Rxe8 32. Qxe8# { Black checkmated } 1-0

[Event "ICC tourney 2556 (25 5)"]
[Site "Internet Chess Club"]
[Date "2021.05.08"]
[Round "3"]
[White "GOLANN, MATTHEW:K05-16609856"]
[Black "T ZHANG, ZACK:K05-16058247"]
[Result "1-0"]
[ICCResult "Black resigns"]
[WhiteElo "1057"]
[BlackElo "644"]
[Opening "French: advance, Paulsen attack"]
[ECO "C02"]
[NIC "FR.03"]
[Time "15:35:17"]
[PlyCount "37"]
[TimeControl "1500+5"]

1. e4 e6 2. d4 d5 3. e5 c5 4. c3 Nc6 5. Nf3 Nge7 6. Bg5 b6 7. Bb5 Bb7 8.
Qa4 f6 9. exf6 gxf6 10. Bxf6 Qd7 11. Bxc6 Bxc6 12. Qc2 O-O-O 13. Bxh8 Bb5
14. Ne5 Qd6 15. Nf7 Qc7 16. Be5 Qd7 17. Nxd8 Qc7 18. Bxc7 Kxc7 19. Nxe6+ {
Black resigns } 1-0

[Event "ICC tourney 2556 (25 5)"]
[Site "Internet Chess Club"]
[Date "2021.05.08"]
[Round "3"]
[White "ANEJA, SHIVISH:K05-30036465"]
[Black "CHUGH, ROHAN:K05-16024710"]
[Result "0-1"]
[ICCResult "White checkmated"]
[WhiteElo "674"]
[BlackElo "1072"]
[Opening "Two knights defense"]
[ECO "C55"]
[NIC "IG.01"]
[Time "15:32:24"]
[PlyCount "48"]
[TimeControl "1500+5"]

1. e4 e5 2. Nf3 Nc6 3. Bc4 Nf6 4. O-O Bc5 5. d3 h6 6. Be3 Bb6 7. Bxb6 axb6
8. Nc3 O-O 9. Nh4 Ne7 10. Qf3 d5 11. exd5 Nfxd5 12. Nxd5 Nxd5 13. Bxd5 Qxh4
14. Rfe1 Re8 15. Bxf7+ Kh8 16. Bxe8 Be6 17. Qxb7 Rxe8 18. Rxe5 Qf4 19. Rae1
Rf8 20. Qf3 Qb4 21. Qe4 Qd2 22. Rxe6 Qxf2+ 23. Kh1 Qf1+ 24. Rxf1 Rxf1# {
White checkmated } 0-1

[Event "ICC tourney 2556 (25 5)"]
[Site "Internet Chess Club"]
[Date "2021.05.08"]
[Round "3"]
[White "A FONSECA, ZURIEL:K05-17280892"]
[Black "YUXIN ZHANG, SOPHIA:K05-16473046"]
[Result "0-1"]
[ICCResult "White checkmated"]
[WhiteElo "208"]
[BlackElo "664"]
[Opening "Three knights game"]
[ECO "C46"]
[NIC "KP.06"]
[Time "15:33:03"]
[PlyCount "34"]
[TimeControl "1500+5"]

1. Nf3 Nc6 2. Nc3 e5 3. e4 Bc5 4. d4 exd4 5. Bd3 Nf6 6. Be3 dxe3 7. fxe3
O-O 8. O-O Bxe3+ 9. Kh1 d6 10. Ng1 Ng4 11. Be2 Nf2+ 12. Rxf2 Bxf2 13. Bf1
Qg5 14. Qe2 Bc5 15. Qe1 Bh3 16. Qf2 Bxf2 17. Bb5 Qxg2# { White checkmated }
0-1

[Event "ICC tourney 2556 (25 5)"]
[Site "Internet Chess Club"]
[Date "2021.05.08"]
[Round "3"]
[White "GU LIN, BENJAMIN:K05-15976160"]
[Black "KODKANI, ARNAV:K05-16604473"]
[Result "1-0"]
[ICCResult "Black checkmated"]
[WhiteElo "1496"]
[BlackElo "902"]
[Opening "French: Rubinstein variation"]
[ECO "C10"]
[NIC "FR.07"]
[Time "15:32:39"]
[PlyCount "59"]
[TimeControl "1500+5"]

1. e4 e6 2. d4 d5 3. Nc3 dxe4 4. Nxe4 Nc6 5. Nf3 Be7 6. Bb5 Nf6 7. Nxf6+
Bxf6 8. c3 O-O 9. Bxc6 bxc6 10. O-O h6 11. Bf4 Be7 12. Qd2 Kh7 13. Qd3+ f5
14. h3 Rf6 15. Ne5 Bb7 16. Rfe1 Bd6 17. Re3 Bxe5 18. Bxe5 Rg6 19. Rg3 Rxg3
20. Qxg3 Qe7 21. Bxc7 Rg8 22. Be5 c5 23. Qd3 cxd4 24. Bxd4 Qg5 25. Qg3 Qd2
26. b3 Qb2 27. Re1 Qxa2 28. Rxe6 Qxb3 29. Qg6+ Kh8 30. Qxh6# { Black
checkmated } 1-0

[Event "ICC tourney 2556 (25 5)"]
[Site "Internet Chess Club"]
[Date "2021.05.08"]
[Round "3"]
[White "SHELLEY, AKSHAT:K05-16824163"]
[Black "WOLFE, JAXON:K05-16374716"]
[Result "0-1"]
[ICCResult "White resigns"]
[WhiteElo "846"]
[BlackElo "1543"]
[Opening "Sicilian defense"]
[ECO "B20"]
[NIC "SI.48"]
[Time "15:32:04"]
[PlyCount "50"]
[TimeControl "1500+5"]

1. e4 c5 2. Bc4 Nc6 3. Nf3 Qc7 4. Nc3 a6 5. a4 Nf6 6. e5 Nxe5 7. Nxe5 Qxe5+
8. Qe2 Qxe2+ 9. Bxe2 e6 10. O-O Be7 11. d3 O-O 12. Bf3 d5 13. Bf4 b6 14. b3
Bb7 15. Rae1 Ra7 16. Be3 d4 17. Bg5 dxc3 18. Bxf6 Bxf6 19. Bxb7 Rxb7 20.
Re4 Rd7 21. Rd1 Rfd8 22. Rc4 Bd4 23. h3 b5 24. axb5 axb5 25. Rxd4 Rxd4 {
White resigns } 0-1

[Event "ICC tourney 2556 (25 5)"]
[Site "Internet Chess Club"]
[Date "2021.05.08"]
[Round "3"]
[White "CHAN OSBORN, ISAAC:K05-17282877"]
[Black "HARDIKAR, RISHI:K05-17067607"]
[Result "1-0"]
[ICCResult "Black checkmated"]
[WhiteElo "955"]
[BlackElo "255"]
[Opening "Queen's gambit accepted"]
[ECO "D20"]
[NIC "QG.03"]
[Time "15:30:08"]
[PlyCount "125"]
[TimeControl "1500+5"]

1. d4 d5 2. c4 dxc4 3. e3 Bf5 4. Nc3 Nc6 5. Bxc4 Nf6 6. Nf3 e6 7. O-O Bg4
8. e4 Nxd4 9. h3 Bh5 10. Qd3 Bc5 11. Nxd4 Bxd4 12. Bg5 h6 13. Bxf6 gxf6 14.
Nb5 Rc8 15. Qxd4 Qxd4 16. Nxd4 Rd8 17. Nb5 a6 18. Nxc7+ Kf8 19. g4 Bg6 20.
f3 f5 21. exf5 exf5 22. gxf5 Bxf5 23. Rad1 Rc8 24. Bxa6 bxa6 25. Nxa6 Rc2
26. Rd8+ Kg7 27. Rxh8 Kxh8 28. Rf2 Rc6 29. Nb4 Rg6+ 30. Kh2 Rg5 31. f4 Rg6
32. Rg2 Rf6 33. Nd5 Rd6 34. Ne7 Be6 35. a3 Rd3 36. Rg3 Rd2+ 37. Rg2 Rd3 38.
f5 Bd5 39. Nxd5 Rxd5 40. f6 Rd6 41. Rf2 Kh7 42. Kg3 Kg6 43. Kg4 h5+ 44. Kh4
Rd4+ 45. Kg3 Kg5 46. b4 h4+ 47. Kg2 Rd3 48. Rf3 Rxf3 49. Kxf3 Kxf6 50. b5
Ke7 51. a4 Kd7 52. a5 Kc7 53. Ke4 Kd6 54. Kd4 f5 55. b6 Kc6 56. Ke5 Kb5 57.
b7 f4 58. b8=Q+ Kxa5 59. Kxf4 Ka4 60. Ke4 Ka3 61. Kd3 Ka4 62. Kc4 Ka3 63.
Qb3# { Black checkmated } 1-0

[Event "ICC tourney 2556 (25 5)"]
[Site "Internet Chess Club"]
[Date "2021.05.08"]
[Round "3"]
[White "SIGMUND PRIMUS, JONATHAN:K05-17193231"]
[Black "DUNIKOV, GLIB:K05-16572317"]
[Result "0-1"]
[ICCResult "White checkmated"]
[WhiteElo "971"]
[BlackElo "1502"]
[Opening "Dutch"]
[ECO "A80"]
[NIC "HD.12"]
[Time "15:31:21"]
[PlyCount "84"]
[TimeControl "1500+5"]

1. d4 f5 2. Nc3 Nf6 3. Bf4 g6 4. Nf3 Bg7 5. e3 O-O 6. Qd2 d6 7. Bc4+ e6 8.
Ng5 Qe7 9. d5 e5 10. Bg3 f4 11. Bh4 h6 12. Ne6 Bxe6 13. Bxf6 Rxf6 14. dxe6
c6 15. e4 Na6 16. O-O Nc5 17. g3 Kh7 18. b4 Nxe6 19. b5 Nd4 20. bxc6 Nf3+
21. Kg2 Nxd2 22. Nd5 Qd8 23. Nxf6+ Bxf6 24. cxb7 Rb8 25. Bd5 Nxf1 26. Kxf1
fxg3 27. hxg3 Qc7 28. Rb1 Qxc2 29. Re1 Qb2 30. Re2 Qb1+ 31. Re1 Qb5+ 32.
Kg2 Rxb7 33. Bxb7 Qxb7 34. Rh1 Qxe4+ 35. Kh2 Qf3 36. Kg1 e4 37. g4 Qxg4+
38. Kf1 Qf3 39. Kg1 Bd4 40. Kh2 Bxf2 41. Rb1 Qg3+ 42. Kh1 Qh3# { White
checkmated } 0-1

[Event "ICC tourney 2556 (25 5)"]
[Site "Internet Chess Club"]
[Date "2021.05.08"]
[Round "3"]
[White "SAIMADHAV CHALLA, KARUNYA:K05-17096756"]
[Black "STEPHEN CAMERON, KYLE:K05-16158046"]
[Result "1-0"]
[ICCResult "Black resigns"]
[WhiteElo "781"]
[BlackElo "1144"]
[Opening "Two knights defense"]
[ECO "C59"]
[NIC "KP.01"]
[Time "15:33:03"]
[PlyCount "43"]
[TimeControl "1500+5"]

1. e4 e5 2. Nf3 Nc6 3. Bc4 Nf6 4. Ng5 d5 5. exd5 Na5 6. Bb5+ c6 7. dxc6
bxc6 8. Be2 Bb7 9. Nc3 c5 10. Bb5+ Nc6 11. Bc4 Nd5 12. d3 Nxc3 13. bxc3 Qf6
14. Bxf7+ Kd8 15. O-O h6 16. Qg4 hxg5 17. Bxg5 Qxg5 18. Qxg5+ Be7 19. Qxg7
Kc7 20. Rfe1 Bd6 21. Rab1 Na5 22. Bd5+ { Black resigns } 1-0

[Event "ICC tourney 2556 (25 5)"]
[Site "Internet Chess Club"]
[Date "2021.05.08"]
[Round "3"]
[White "ELIZABETH PETER, SARAH:K05-16665770"]
[Black "SRINIVAS PEDDIBOYINA, AKSHAR:K05-16853620"]
[Result "1-0"]
[ICCResult "Black resigns"]
[WhiteElo "954"]
[BlackElo "197"]
[Opening "King's Indian: Smyslov system"]
[ECO "E61"]
[NIC "KI.76"]
[Time "15:31:02"]
[PlyCount "36"]
[TimeControl "1500+5"]

1. d4 Nf6 2. c4 d6 3. Nc3 g6 4. Nf3 Bg7 5. Bg5 O-O 6. e3 Bf5 7. Be2 Nbd7 8.
O-O Rc8 9. Qb3 b6 10. Nb5 a6 11. Na7 Ra8 12. Nc6 Qe8 13. d5 Nb8 14. Qa4 Ne4
15. b4 Nxc6 16. Qxc6 Qxc6 17. dxc6 Bh8 18. Rac1 Bb2 { Black resigns } 1-0

[Event "ICC tourney 2556 (25 5)"]
[Site "Internet Chess Club"]
[Date "2021.05.08"]
[Round "3"]
[White "PATEL, DARSH:K05-16084348"]
[Black "GUI, SUYUAN:K05-16962930"]
[Result "0-1"]
[ICCResult "White checkmated"]
[WhiteElo "439"]
[BlackElo "989"]
[Opening "Caro-Kann: classical variation"]
[ECO "B18"]
[NIC "CK.10"]
[Time "15:30:43"]
[PlyCount "64"]
[TimeControl "1500+5"]

1. e4 c6 2. d4 d5 3. Nc3 dxe4 4. Nxe4 Bf5 5. Ng3 Bg6 6. Nf3 Nd7 7. Bf4 Ngf6
8. Bc4 e6 9. O-O Be7 10. Ng5 Nd5 11. Be5 Nxe5 12. dxe5 Bxg5 13. Ne4 Bxe4
14. f3 Bg6 15. Qe1 Ne3 16. Qg3 Nxf1 17. Bxf1 Qd4+ 18. Kh1 Qh4 19. f4 Qxg3
20. hxg3 Be7 21. Bd3 Bxd3 22. cxd3 O-O-O 23. Rd1 Rd4 24. Kh2 Rhd8 25. Re1
Rxd3 26. Re4 R8d4 27. Re2 Rd2 28. Re3 Rxb2 29. Rc3 Rdd2 30. Ra3 Rxg2+ 31.
Kh3 h5 32. Rc3 Rh2# { White checkmated } 0-1

[Event "ICC tourney 2556 (25 5)"]
[Site "Internet Chess Club"]
[Date "2021.05.08"]
[Round "3"]
[White "PEYTON, NATHAN:K05-16452322"]
[Black "XIE, ANDREW:K05-16610874"]
[Result "1-0"]
[ICCResult "Black checkmated"]
[WhiteElo "1481"]
[BlackElo "834"]
[Opening "Three knights game"]
[ECO "C46"]
[NIC "KP.06"]
[Time "15:34:22"]
[PlyCount "59"]
[TimeControl "1500+5"]

1. e4 e5 2. Nf3 Nc6 3. Nc3 Bc5 4. Nxe5 Nxe5 5. d4 Bxd4 6. Qxd4 d6 7. Bf4 c5
8. Qd2 Qh4 9. O-O-O Nf6 10. Bxe5 O-O 11. Bxf6 Qxf6 12. Nd5 Qd8 13. h4 Bg4
14. f3 Be6 15. h5 h6 16. g4 f6 17. Nf4 Bxa2 18. b3 c4 19. Bxc4+ Kh8 20.
Ng6+ Kh7 21. Nxf8+ Qxf8 22. Kb2 Bxb3 23. Bxb3 Rd8 24. Qf4 Qe7 25. Qf5+ Kh8
26. e5 dxe5 27. Rxd8+ Qxd8 28. Rd1 Qxd1 29. Qc8+ Kh7 30. Qg8# { Black
checkmated } 1-0

[Event "ICC tourney 2556 (25 5)"]
[Site "Internet Chess Club"]
[Date "2021.05.08"]
[Round "3"]
[White "JOHN DETTMER, JAMES:K05-17011887"]
[Black "KAGGUNDI RAVISHA, MANASWINI:K05-30132763"]
[Result "0-1"]
[ICCResult "White checkmated"]
[WhiteElo "159"]
[BlackElo "643"]
[Opening "Bishop's opening: Berlin defense"]
[ECO "C24"]
[NIC "IG.04"]
[Time "15:30:48"]
[PlyCount "66"]
[TimeControl "1500+5"]

1. e4 e5 2. Bc4 Nf6 3. g4 d5 4. g5 dxc4 5. gxf6 Qxf6 6. Qf3 Qxf3 7. Nxf3
Bh3 8. Nxe5 Bg2 9. Rg1 Bxe4 10. Nxc4 Bxc2 11. Nc3 Nc6 12. Rg5 Nd4 13. Re5+
Be7 14. d3 Nf3+ 15. Ke2 Nxe5 16. Nxe5 Rd8 17. Be3 b6 18. Nd5 Rxd5 19. d4
O-O 20. Rc1 Ba4 21. b3 Bb5+ 22. Kf3 c5 23. a4 Ba6 24. Ke4 Bb7 25. Rb1 cxd4
26. Bxd4 Rfd8 27. Rc1 Rc5+ 28. Kf5 Rxc1 29. f4 Rxd4 30. b4 Bc8+ 31. Nd7
Bxd7+ 32. Ke5 Rxb4 33. f5 Rc5# { White checkmated } 0-1

[Event "ICC tourney 2556 (25 5)"]
[Site "Internet Chess Club"]
[Date "2021.05.08"]
[Round "3"]
[White "LEUNG, DOMINIC:K05-17346830"]
[Black "ZHU, ISABELLA:K05-16795777"]
[Result "0-1"]
[ICCResult "White checkmated"]
[WhiteElo "648"]
[BlackElo "1058"]
[Opening "Sicilian: closed"]
[ECO "B23"]
[NIC "SI.44"]
[Time "15:32:24"]
[PlyCount "46"]
[TimeControl "1500+5"]

1. e4 c5 2. Nc3 d6 3. Nf3 Nf6 4. Bc4 g6 5. d3 Bg7 6. h3 O-O 7. O-O Nc6 8.
Re1 Bd7 9. Bf4 Nh5 10. Be3 a6 11. a3 b5 12. Bb3 Nd4 13. Ba2 a5 14. Bd5 Rb8
15. Ba2 b4 16. axb4 axb4 17. Ne2 Nxf3+ 18. gxf3 Bxb2 19. Rb1 Bg7 20. h4 e6
21. Ng3 Qxh4 22. Qd2 Nxg3 23. Bg5 Qh1# { White checkmated } 0-1

[Event "ICC tourney 2556 (25 5)"]
[Site "Internet Chess Club"]
[Date "2021.05.08"]
[Round "3"]
[White "RALLABANDI, SAHASRA:K05-16751997"]
[Black "SUNG, JASON:K05-16250294"]
[Result "1-0"]
[ICCResult "Black checkmated"]
[WhiteElo "1336"]
[BlackElo "802"]
[Opening "Four knights: Scotch, 4...exd4"]
[ECO "C47"]
[NIC "KP.06"]
[Time "15:31:36"]
[PlyCount "27"]
[TimeControl "1500+5"]

1. e4 e5 2. Nf3 Nc6 3. Nc3 Nf6 4. d4 exd4 5. Nxd4 Nxd4 6. Qxd4 Bd6 7. Be2
O-O 8. e5 Bxe5 9. Qxe5 d6 10. Qg3 Bf5 11. O-O Bxc2 12. Bg5 h6 13. Bxh6 Kh7
14. Qxg7# { Black checkmated } 1-0

[Event "ICC tourney 2556 (25 5)"]
[Site "Internet Chess Club"]
[Date "2021.05.08"]
[Round "3"]
[White "WU, MATTHEW:K05-16720313"]
[Black "L HUANG, ABIGAIL:K05-16809062"]
[Result "1-0"]
[ICCResult "Black checkmated"]
[WhiteElo "951"]
[BlackElo "135"]
[Opening "Scotch game"]
[ECO "C45"]
[NIC "SO.05"]
[Time "15:30:36"]
[PlyCount "33"]
[TimeControl "1500+5"]

1. e4 e5 2. Nf3 Nc6 3. d4 exd4 4. Nxd4 Bc5 5. Be3 Ne5 6. Nc3 Nf6 7. Bd3 d6
8. O-O Bg4 9. Be2 Bd7 10. Bg5 O-O 11. Nd5 Bc6 12. Nxc6 bxc6 13. Nxf6+ gxf6
14. Bh6 Re8 15. Bd3 Nxd3 16. Qg4+ Kh8 17. Qg7# { Black checkmated } 1-0

[Event "ICC tourney 2556 (25 5)"]
[Site "Internet Chess Club"]
[Date "2021.05.08"]
[Round "3"]
[White "ODOCHA, GABE:K05-16074734"]
[Black "ZHANG, SARAH:K05-16865540"]
[Result "0-1"]
[ICCResult "White checkmated"]
[WhiteElo "728"]
[BlackElo "1087"]
[Opening "Three knights game"]
[ECO "C46"]
[NIC "KP.06"]
[Time "15:31:47"]
[PlyCount "72"]
[TimeControl "1500+5"]

1. e4 e5 2. Nf3 Nc6 3. Nc3 Bc5 4. Bc4 d6 5. h3 Nf6 6. d3 h6 7. Be3 Bb6 8.
Bxb6 axb6 9. Bd5 Nxd5 10. exd5 Ne7 11. d4 Ng6 12. dxe5 Nxe5 13. Nxe5 dxe5
14. Qe2 Qe7 15. f4 Qh4+ 16. g3 Qxg3+ 17. Qf2 Qxf2+ 18. Kxf2 f6 19. Rae1 O-O
20. fxe5 fxe5+ 21. Kg3 Bf5 22. Rxe5 Bxc2 23. Re7 Rac8 24. d6 cxd6 25. Rxb7
Rc6 26. Nd5 Be4 27. Ne7+ Kh8 28. Nxc6 Bxc6 29. Re7 Bxh1 30. Re6 Rf6 31.
Re8+ Kh7 32. Kg4 Bf3+ 33. Kh4 Rg6 34. Rh8+ Kxh8 35. a3 Rg2 36. a4 g5# {
White checkmated } 0-1